 Dungeon Crawl Stone Soup version 0.29-a0-504-gec6baf379c (webtiles) character file.

Game seed: 17588529087712977917

279 Colgate the Cutter (level 6, -1/38 HPs)
             Began as a Kobold Brigand on May 28, 2022.
             Was a Follower of Okawaru.
             Slain by a hobgoblin (3 damage)
             ... on level 4 of the Dungeon.
             The game lasted 00:05:38 (2858 turns).

Colgate the Cutter (Kobold Brigand)                 Turns: 2858, Time: 00:05:39

Health: -1/38      AC:  3    Str:  9    XL:     6   Next: 52%
Magic:  4/6        EV: 19    Int: 12    God:    Okawaru [*.....]
Gold:   118        SH:  0    Dex: 18    Spells: 5/5 levels left

rFire   . . .      SeeInvis .   a - +2 dagger
rCold   . . .      Faith    .   (no shield)
rNeg    . . .      Spirit   .   b - +0 robe
rPois   .          Reflect  .   (no helmet)
rElec   .          Harm     .   c - +0 cloak
rCorr   .          Rampage  .   (no gloves)
Will    .....                   (no boots)
Stlth   ++++++....              (no amulet)
HPRegen 0.12/turn               (no ring)
MPRegen 0.10/turn               (no ring)

@: heroic
A: small, no large weapons, nightstalker 3
a: Renounce Religion, Heroism


You were on level 4 of the Dungeon.
You worshipped Okawaru.
Okawaru was aware of your devotion.
You visited 1 branch of the dungeon, and saw 4 of its levels.

You collected 118 gold pieces.

Inventory:

Hand Weapons
 a - a +2 dagger (weapon)
 k - a +0 short sword
Missiles
 d - 22 poisoned darts (quivered)
 e - 3 curare-tipped darts
 j - a throwing net {!f}
Armour
 b - a +0 robe (worn)
 c - a +0 cloak (worn)
Scrolls
 g - a scroll of enchant armour {unknown}
 l - a scroll of poison {unknown}
 m - a scroll of identify {unknown}
 n - a scroll of noise
 o - a scroll of fog {unknown}
 p - a scroll of teleportation {unknown}
 s - a scroll of fear {unknown}
 t - a scroll of immolation {unknown}
Potions
 f - a potion of magic {unknown}
 h - 3 potions of curing {unknown}
 i - 2 potions of ambrosia {unknown}
 q - a potion of lignification {unknown}
 r - a potion of flight {unknown}


   Skills:
 - Level 4.0(9.0) Fighting
 - Level 6.0(11.0) Short Blades
 + Level 3.5(8.5) Throwing
 - Level 2.4(7.4) Dodging
 - Level 5.3(10.3) Stealth


You had 5 spell levels left.
You didn't know any spells.
Your spell library was empty.

Dungeon Overview and Level Annotations

Branches:
Dungeon (4/15)
 Temple: D:4-7

Altars:
Ashenzari
Okawaru

Annotations:
D:4 Ijyb


Innate Abilities, Weirdness & Mutations

You are small and have problems with some larger weapons.
You are completely attuned to the shadows.


Message History

There are monsters nearby!
An orc wizard comes into view. It is wielding a +0 dagger.
There are monsters nearby!
The orc priest barely misses you.
An orc comes into view. It is wielding a +1 vorpal hand axe.
The hobgoblin shouts!
There are monsters nearby!
You gain the combat prowess of a mighty hero.
The orc shouts!
You hear a shout!
The hobgoblin barely misses you.
The orc priest calls down the wrath of Beogh upon you.
Beogh smites you!
You hit the orc priest but do no damage.
You hit the orc priest but do no damage.
The hobgoblin completely misses you.
The orc priest calls down the wrath of Beogh upon you.
Beogh smites you!
* * * LOW HITPOINT WARNING * * *
You hit the orc priest. You punch the orc priest.
You hit the orc priest but do no damage.
The hobgoblin hits you.
* * * LOW HITPOINT WARNING * * *
The orc priest looks braver for a moment.
Ijyb the Twisted Goblin comes into view.
She is wielding a +0 club and carrying a wand of digging (8).
You barely miss the orc priest. You hit the orc priest.
The hobgoblin closely misses you. The orc priest completely misses you.
You hit the orc priest but do no damage.
You hit the orc priest. The hobgoblin barely misses you.
The orc priest hits you with a +0 club.
* * * LOW HITPOINT WARNING * * *
Ijyb screams, "Me kill you!"
You closely miss the orc priest. You hit the orc priest.
The hobgoblin closely misses you.
The orc priest looks braver for a moment.
Ijyb zaps a wand.
Some rock shatters into small pieces.
You hit the orc priest.
You hit the orc priest but do no damage.
The hobgoblin hits you.
You die...

#.....#
.......#
.o.......
.........
...#.##.
..o....
.o.g..
.####go...
.....@#
###.## ...
#..#..
>..###.....
....#......
.......###.
.......#
####.#.##..
##.......


You could see Ijyb, an orc priest, an orc wizard, an orc and a hobgoblin.

Vanquished Creatures
  A hound (D:3)
  2 orc priests (D:3)
  An iguana (D:3)
  4 gnolls
  7 adders
  A worm (D:2)
  An orc (D:3)
  5 ball pythons
  3 bats
  4 endoplasms
  4 giant cockroaches
  6 hobgoblins
  2 jackals (D:1)
  4 quokkas
  4 frilled lizards
  3 goblins
  8 kobolds
  6 rats
66 creatures vanquished.

Notes
Turn   | Place    | Note
-------+----------+-------------------------------------------
     0 | D:1      | Colgate the Kobold Brigand began the quest for the Orb.
     0 | D:1      | Reached XP level 1. HP: 12/12 MP: 1/1
    74 | D:1      | Reached skill level 3 in Short Blades
   153 | D:1      | Reached XP level 2. HP: 17/17 MP: 2/2
   161 | D:1      | Reached skill level 4 in Short Blades
   182 | D:1      | Reached XP level 3. HP: 18/21 MP: 3/3
   800 | D:2      | Reached skill level 5 in Short Blades
   803 | D:2      | Reached XP level 4. HP: 26/26 MP: 4/4
  1153 | D:2      | Found a faded altar of an unknown god.
  1159 | D:2      | Prayed at the altar of an unknown god.
  1159 | D:2      | Became a worshipper of Warmaster Okawaru
  1159 | D:2      | Reached * piety under Okawaru
  1205 | D:2      | Reached skill level 6 in Short Blades
  1663 | D:2      | Reached XP level 5. HP: 18/32 MP: 5/5
  2008 | D:3      | Reached XP level 6. HP: 23/38 MP: 6/6
  2139 | D:3      | Found a broken altar of Ashenzari.
  2850 | D:4      | Noticed Ijyb
  2854 | D:4      | HP: 1/38 [orc priest/+0 club (5)]
  2858 | D:4      | Slain by a hobgoblin

Illustrated notes

Levels and vault maps discovered:
D:1:      dpeg_arrival_simpleton_a, layout_rooms, minmay_crystal_room
D:2:      layout_basic, shapermc_ecumenical_altar_mp_highgroup
D:3:      layout_rooms, cheibrodos_ashenzari_chains, st_stairs_7,
          nicolae_underground_beach
D:4:      layout_cave_pools, led_sif_book, uniq_pikel, uniq_ijyb

Skill      XL: |  1  2  3  4  5  6 |
---------------+-------------------+-----
Short Blades   | 3 4 5 6 |  6.0
Fighting       | 4 |  4.0
Dodging        | 2 |  2.4
Throwing       | 3 |  3.5
Stealth        | |  5.3

Action                   |  1- 3 |  4- 6 || total
-------------------------+-------+-------++-------
Melee: Dagger            |    53 |   151 ||   204
       Punch             |       |     2 ||     2
Invok: Heroism           |       |     1 ||     1
  Use: Scroll            |       |     1 ||     1
 Stab: Sleeping          |    15 |    18 ||    33
       Distracted        |       |     2 ||     2
Armor: Robe              |     9 |    15 ||    24
Dodge: Dodged            |    30 |    80 ||   110

Table legend: (Time is in decaauts)
 A = Elapsed time spent in this place.
 B = Non-inter-level travel time spent in this place.
 C = Inter-level travel time spent in this place.
 D = Time resting spent in this place.
 E = Time spent auto-exploring this place.
 F = Levels seen in this place.
 G = Mean time per level.
                   A        B        C        D        E       F      G
               +--------+--------+--------+--------+--------+-----+--------+
         Total |   2801 |   2579 |    222 |      0 |   2137 |   4 |  700.2 |
       Dungeon |   2801 |   2579 |    222 |      0 |   2137 |   4 |  700.2 |
               +--------+--------+--------+--------+--------+-----+--------+

Top non-repeatable levels by time:
     D:2: 1259 daAuts
     D:1: 785 daAuts
     D:3: 673 daAuts
     D:4: 82 daAuts
